 Dungeon Crawl Stone Soup version 0.19.0-2-gae57169 (webtiles) character file.

21219 Inkary the Grappler (level 12, -9/128 HPs)
             Began as a Troll Berserker on Nov 6, 2016.
             Was an Elder of Trog.
             Mangled by a death yak (18 damage)
             ... on level 3 of the Lair of Beasts.
             The game lasted 00:22:53 (11887 turns).

Inkary the Grappler (Troll Berserker)              Turns: 11887, Time: 00:22:54

Health: -9/128     AC:  9    Str: 28    XL:     12   Next: 52%
Magic:  11/11      EV: 14    Int:  8    God:    Trog [****..]
Gold:   990        SH:  0    Dex: 12    Spells: 0 memorised, 11 levels left

rFire  . . .     SeeInvis +       - Unarmed
rCold  . . .     Gourm    +     K - +0 troll leather armour
rNeg   . . .     Faith    .     (no shield)
rPois  .         Spirit   .     (helmet restricted)
rElec  .         Reflect  .     r - +0 cloak
rCorr  .         Harm     .     (gloves unavailable)
MR     ++...     Clarity  +     (boots unavailable)
Stlth  +.........               (no amulet)
                                (no ring)
                                H - ring of see invisible

@: lethally poisoned (-9 -> -10), exhausted, regenerating, slowed, very slow
A: unfitting armour, claws 3, clarity, clever 2, fast metabolism 3, gourmand,
regeneration 1, shaggy fur 1, tough skin 2, wild magic 1
a: Berserk, Trog's Hand, Brothers in Arms, Burn Spellbooks, Renounce Religion


You were on level 3 of the Lair of Beasts.
You worshipped Trog.
Trog was greatly pleased with you.
You were not hungry.

You visited 2 branches of the dungeon, and saw 15 of its levels.

You collected 990 gold pieces.

Inventory:

Missiles
 Q - a throwing net (quivered)
Armour
 p - a +0 shield
 r - a +0 cloak (worn)
 K - a +0 troll leather armour (worn)
Jewellery
 i - an uncursed ring of ice
 E - an uncursed ring of fire
 H - a ring of see invisible (left claw)
 L - the amulet of the Four Winds {rN+ MR+++ Clar}
   (You found it on level 10 of the Dungeon)

   [amulet of nothing]

   It protects you from negative energy.
   It affects your resistance to hostile enchantments.
   It protects you against confusion.
 P - a +2 ring of evasion {unknown}
 T - an uncursed ring of wizardry {unknown}
Wands
 n - a wand of confusion (29/48)
 z - a wand of teleportation (2/9)
 B - a wand of iceblast (7/15)
 I - a wand of disintegration (15/24)
 S - a wand of confusion (27/48)
 V - a wand of flame (30/48)
Scrolls
 c - 4 scrolls of magic mapping
 f - a scroll of random uselessness {unknown}
 g - 8 scrolls of remove curse
 k - 2 scrolls of blinking
 o - 5 scrolls of teleportation {unknown}
 t - 3 scrolls of enchant armour {unknown}
 v - 5 scrolls of noise
 w - a scroll of recharging {unknown}
 D - a scroll of brand weapon {unknown}
 M - a scroll of immolation {unknown}
 N - 7 scrolls of identify
 R - a scroll of vulnerability {unknown}
Potions
 a - 3 potions of brilliance {unknown}
 d - a potion of heal wounds
 e - 6 potions of curing
 h - 4 potions of flight
 j - 4 potions of mutation
 l - 3 potions of haste
 m - 3 potions of might
 q - a potion of lignification
 u - a potion of ambrosia
 F - a potion of resistance
 O - a potion of agility {unknown}
 U - a potion of berserk rage {unknown}
Books
 G - a book of Changes

   Spells                             Type                      Level
   a - Beastly Appendage              Transmutation                1
   b - Sticks to Snakes               Transmutation                2
   c - Spider Form                    Transmutation/Poison         3
   d - Ice Form                       Ice/Transmutation            4
   e - Blade Hands                    Transmutation                5
   Trog disapproves of the use of such an item.
Comestibles
 b - 14 bread rations
 s - 3 royal jellies
 x - 9 beef jerkies
 A - 7 slices of pizza
 C - 4 fruits
 J - 2 meat rations


   Skills:
 * Level 10.6 Fighting
 + Level 5.7 Armour
 + Level 8.8 Dodging
 + Level 12.4 Unarmed Combat


You had 11 spell levels left.
You didn't know any spells.

Dungeon Overview and Level Annotations

Branches:
Dungeon (12/15)            Temple (0/1) D:4            Lair (3/6) D:10
 Shoals (0/4) Lair:2       Spider (0/4) Lair:2          Orc (0/2) D:10

Altars:
Elyvilon
Gozag
Kikubaaqudgha
Okawaru
Sif Muna


Innate Abilities, Weirdness & Mutations

You are too large for most types of armour.
You have claws for hands.
Your metabolism is lightning-fast.
You like to eat raw meat.
Your natural rate of healing is unusually fast.
You are covered in fur. (AC +1)
You have very tough skin. (AC +2)
You possess an exceptional clarity of mind.
Your mind is very acute. (Int +4)
Your spells are a little harder to cast, but a little more powerful.


Message History

* * * LOW HITPOINT WARNING * * *
The death yak gores you but does no damage.
You are too injured to fight recklessly!
Unknown command.
You are too injured to fight recklessly!
Unknown command.
You feel a strong urge to attack something.
You feel sick. The death yak gores you!!
* * * LOW HITPOINT WARNING * * *
You feel sick.
The death yak gores the fungus!
You feel your anger subside.
You feel the effects of Trog's Hand fading.
You feel sick.
You are no longer berserk.
You are exhausted.
You feel as though you will be slow longer.
You feel sick.
You feel sick.
You feel sick. The death yak gores you!!
You die...

...................
.............♣♣.♣..
.............♣♣♣♣.. ...
..............♣ .. ....
................... #...
##........♣...♣♣...
##.#.#####......♣♣♣..♣.♣ .♣
.##.......##......♣♣.♣.♣♣♣ ♣
...........#@......♣♣....♣.
#........YY...............
#.......#P...............
##P...y##P...........♣♣.♣
..P####P.#.#..............♣
........Y.................♣
.......y......>.............
............................
............................


You could see 2 death yaks and a hornet.

Vanquished Creatures
  A hydra (Lair:3)
  The ghost of Alg the Grappler, a novice TrCK of Xom (Lair:1)
  Erica (D:10)
  The ghost of Kilrog the Slinger, a novice HaHu of Nemelex Xobeh (D:8)
  A skeletal warrior (D:11)
  2 hill giants
  The ghost of Inkary the Cleaver, a novice MiBe of Trog (D:6)
  An orb spider (Lair:2)
  A manticore (D:11)
  A centaur zombie (D:11)
  A black mamba (Lair:2)
  A gargoyle (D:10)
  3 spiny frogs
  A kobold demonologist (D:11)
  A komodo dragon (D:10)
  4 trolls
  A hornet (D:10)
  4 hippogriffs
  9 blink frogs (Lair:1)
  2 wyverns
  4 hogs (D:7)
  5 yaks (D:11)
  Eustachio (D:6)
  A human (D:7)
  2 basilisks
  4 hungry ghosts
  4 vampire mosquitoes (D:11)
  A mottled dragon (D:10)
  3 porcupines
  3 water moccasins
  3 orc warriors
  3 ice beasts
  3 sky beasts
  The ghost of Alg the Chopper, an amateur DDBe of Trog (D:3)
  A black bear (D:11)
  6 ogres
  4 phantoms
  6 centaurs
  8 crocodiles
  2 big kobolds
  Blork the orc (D:4)
  A gnoll sergeant (D:10)
  10 bullfrogs
  2 scorpions
  7 killer bees (D:9)
  9 wights
  2 electric eels (Lair:2)
  A howler monkey (D:6)
  3 crimson imps
  6 hounds
  A bullfrog zombie (D:9)
  A jelly (D:6)
  Crazy Yiuf (D:4)
  7 orc priests
  4 bullfrog skeletons
  4 iguanas
  12 orc wizards
  3 worker ants
  3 hound skeletons
  Robin (D:4)
  7 gnolls (D:10)
  A howler monkey skeleton (D:10)
  10 adders
  An ooze (D:1)
  2 adder skeletons (D:4)
  2 worms
  3 dart slugs
  10 leopard geckos
  39 orcs
  14 bats
  4 giant cockroaches
  13 goblins
  10 hobgoblins
  7 jackals
  17 kobolds
  4 quokkas
  A ball python (D:2)
  2 leopard gecko skeletons
  4 rats
333 creatures vanquished.

Vanquished Creatures (others)
  A plant (Lair:1)
1 creature vanquished.

Grand Total: 334 creatures vanquished

Notes
Turn   | Place    | Note
-------+----------+-------------------------------------------
     0 | D:1      | Inkary the Troll Berserker began the quest for the Orb.
     0 | D:1      | Reached XP level 1. HP: 22/22 MP: 0/0
   127 | D:1      | Reached XP level 2. HP: 29/29 MP: 1/1
   580 | D:1      | Reached XP level 3. HP: 36/36 MP: 2/2
  1116 | D:2      | Reached ** piety under Trog
  1166 | D:2      | Reached skill level 4 in Unarmed Combat
  1168 | D:2      | Reached XP level 4. HP: 33/44 MP: 3/3
  1624 | D:3      | Noticed Alg's ghost (amateur DDBe)
  1640 | D:3      | Killed Alg's ghost
  1640 | D:3      | Reached XP level 5. HP: 21/53 MP: 4/4
  1860 | D:3      | Found a faded altar of an unknown god.
  2013 | D:3      | Reached skill level 5 in Unarmed Combat
  2396 | D:4      | Found a staircase to the Ecumenical Temple.
  2405 | D:4      | Noticed Blork the orc
  2416 | D:4      | Killed Blork the orc
  2416 | D:4      | Reached XP level 6. HP: 36/61 MP: 5/5
  2890 | D:4      | Noticed Robin
  2897 | D:4      | Killed Robin
  2898 | D:4      | Noticed an ice beast
  2921 | D:4      | Reached skill level 6 in Unarmed Combat
  2934 | D:4      | Killed an ice beast
  2934 | D:4      | Reached *** piety under Trog
  2934 | D:4      | Reached XP level 7. HP: 54/67 MP: 6/6
  3050 | D:4      | Found a runed door.
  3115 | D:4      | Noticed Crazy Yiuf
  3119 | D:4      | Killed Crazy Yiuf
  3526 | D:4      | Found a deep blue altar of Sif Muna.
  3651 | D:4      | Reached skill level 7 in Unarmed Combat
  3655 | D:5      | Entered Level 5 of the Dungeon
  3770 | D:5      | Found a white marble altar of Elyvilon.
  3862 | D:5      | Reached XP level 8. HP: 63/78 MP: 7/7
  4004 | D:5      | Gained mutation: Your mind is acute. (Int +2) [mutagenic meat]
  4005 | D:5      | Gained mutation: You possess an exceptional clarity of mind. [mutagenic meat]
  4006 | D:5      | Gained mutation: Your mind is very acute. (Int +4) [mutagenic meat]
  4007 | D:5      | Gained mutation: Your spells are a little harder to cast, but a little more powerful. [mutagenic meat]
  4142 | D:5      | Found an iron altar of Okawaru.
  4144 | D:5      | Found an opulent altar of Gozag.
  4146 | D:5      | Found an ancient bone altar of Kikubaaqudgha.
  4631 | D:6      | Reached skill level 8 in Unarmed Combat
  4661 | D:6      | Reached skill level 5 in Dodging
  4743 | D:6      | Reached skill level 5 in Fighting
  4858 | D:6      | Noticed Inkary's ghost (novice MiBe)
  4876 | D:6      | Killed Inkary's ghost
  4876 | D:6      | Reached skill level 9 in Unarmed Combat
  4876 | D:6      | Reached XP level 9. HP: 64/88 MP: 8/8
  5007 | D:6      | Noticed Eustachio
  5011 | D:6      | Killed Eustachio
  5446 | D:7      | Reached skill level 10 in Unarmed Combat
  5963 | D:8      | Reached skill level 1 in Armour
  5963 | D:8      | Reached XP level 10. HP: 69/100 MP: 9/9
  6236 | D:8      | Noticed Kilrog's ghost (novice HaHu)
  6259 | D:8      | Killed Kilrog's ghost
  7161 | D:9      | Reached skill level 11 in Unarmed Combat
  7336 | D:9      | Reached **** piety under Trog
  7637 | D:10     | Entered Level 10 of the Dungeon
  7855 | D:10     | Noticed Erica
  7871 | D:10     | Killed Erica
  7897 | D:10     | Reached XP level 11. HP: 80/111 MP: 10/10
  8064 | D:10     | Found a staircase to the Orcish Mines.
  8186 | D:10     | Found a staircase to the Lair.
  8382 | D:11     | Noticed a hill giant
  8389 | D:10     | Paralysed by a hornet for 3 turns
  8460 | D:10     | Killed a hill giant
  9426 | D:11     | Noticed a hill giant
  9437 | D:11     | Killed a hill giant
  9869 | D:12     | Noticed a skeletal warrior
  9869 | D:12     | Noticed a skeletal warrior
  9869 | D:12     | Noticed a skeletal warrior
  9893 | D:11     | Killed a skeletal warrior
  9982 | Lair:1   | Entered Level 1 of the Lair of Beasts
 10114 | Lair:1   | Noticed Alg's ghost (novice TrCK)
 10121 | Lair:1   | Killed Alg's ghost
 10121 | Lair:1   | Reached skill level 5 in Armour
 10121 | Lair:1   | Reached skill level 12 in Unarmed Combat
 10121 | Lair:1   | Reached XP level 12. HP: 123/126 MP: 11/11
 10270 | Lair:1   | Reached skill level 10 in Fighting
 10431 | Lair:1   | Got a transparent hand axe
 10432 | Lair:1   | Identified the +9 hand axe of Urgency {freeze, rF+} (You found it on level 1 of the Lair of Beasts)
 11142 | Lair:2   | Found a staircase to the Shoals.
 11154 | Lair:2   | Found a hole to the Spider Nest.
 11656 | Lair:3   | Noticed a five-headed hydra
 11674 | Lair:3   | HP: 5/127 [six-headed hydra (14)]
 11782 | Lair:3   | Killed a seven-headed hydra
 11870 | Lair:3   | Noticed a death yak
 11872 | Lair:3   | Noticed a death yak
 11873 | Lair:3   | Noticed a death yak
 11875 | Lair:3   | Paralysed by a hornet for 3 turns
 11882 | Lair:3   | HP: 2/192 [death yak (20)]
 11887 | Lair:3   | Mangled by a death yak

Skill      XL: |  1  2  3  4  5  6  7  8  9 10 11 12 |
---------------+-------------------------------------+-----
Dodging        | 3 4 5 6 7 8 |  8.8
Unarmed Combat | 4 5 6 7 9 10 11 12 | 12.4
Fighting       | 3 4 5 6 8 9 10 | 10.6
Armour         | 1 3 5 |  5.7

Action                   |  1- 3 |  4- 6 |  7- 9 | 10-12 || total
-------------------------+-------+-------+-------+-------++-------
Melee: Unarmed           |    95 |   159 |   305 |   551 ||  1110
       Punch             |       |     2 |    10 |    29 ||    41
Invok: Trog's Hand       |       |     2 |     9 |    22 ||    33
       Berserk           |       |       |     3 |    11 ||    14
       Burn Spellbooks   |       |       |       |     2 ||     2
  Use: Scroll            |       |       |       |    11 ||    11
       Potion            |       |       |       |     2 ||     2
 Stab: Sleeping          |       |       |     1 |       ||     1
  Eat: Chunk             |    13 |    19 |    39 |    90 ||   161
       Fruit             |       |       |       |     1 ||     1
Armor: Animal skin       |    51 |    60 |    66 |    14 ||   191
       Troll leather arm |       |       |       |   134 ||   134
Dodge: Dodged            |    72 |    72 |   153 |   337 ||   634
